[Event "Live Chess"]
[Site "Chess.com"]
[Date "2023.05.21"]
[Round "-"]
[White "f4nomore"]
[Black "booktrunk"]
[Result "1-0"]
[WhiteElo "1394"]
[BlackElo "1282"]
[TimeControl "300"]
[EndTime "1:28:32 PDT"]
[Termination "f4nomore won by checkmate"]

1. b3 d5 2. Bb2 f6 3. e3 e5 4. Nc3 Nc6 5. Nge2 a6 6. g3 Bc5 7. Bg2 d4 8. exd4 exd4 9. Bxc6+ bxc6 10. Ne4 Bb6 11. d3 Ne7 12. O-O c5 13. Nd2 Bh3 14. Re1 Qd5 15. Nf4 Qf5 16. Rxe7+ Kxe7 17. Qe2+ Kf7 18. Nxh3 Qxh3 19. Qf3 Rab8 20. Nc4 Rhe8 21.
Qd5+ Qe6 22. Qf3 g6 23. Rf1 Qe2 24. Qc6 Qe6 25. Qg2 a5 26. a4 Rbd8 27. Qf3 Rd5 28. Qf4 Re7 29. Qh6 Kg8 30. h4 Rh5 31. Qf4 g5 32.
hxg5 Rxg5 33. Qh4 h5 34. Kg2 Qe2 35. Bc1 Rg4 36. Qxh5 Reg7 37. Qd5+ Kh7 38. Rh1+ Kg6 39. Qh5# 1-0

[Event "Live Chess"]
[Site "Chess.com"]
[Date "2023.05.21"]
[Round "-"]
[White "Biranidun"]
[Black "Delacorta"]
[Result "1-0"]
[WhiteElo "2543"]
[BlackElo "1439"]
[TimeControl "300"]
[EndTime "1:28:39 PDT"]
[Termination "Biranidun won by resignation"]

1. e4 e6 2. d4 d5 3. e5 c5 4. c3 Nc6 5. Nf3 Qb6 6. Bd3 Nge7 7.
dxc5 Qxc5 8. O-O Ng6 9. Re1 Qb6 10. h4 Bc5 11. Qe2 Bd7 12. h5 Nge7 13. b4 Nxb4 14. cxb4 Bxb4 15. Bd2 Rc8 16. Bxb4 Qxb4 17. Nbd2 Qg4 18.
Rab1 Bc6 19. Nb3 Qxh5 20. Nfd4 Qg5 21. Na5 O-O 22. Nxb7 Bxb7 23. Rxb7 1-0

[Event "Live Chess"]
[Site "Chess.com"]
[Date "2023.05.21"]
[Round "-"]
[White "raminguy"]
[Black "ProfPoisson"]
[Result "1-0"]
[WhiteElo "1952"]
[BlackElo "1194"]
[TimeControl "300"]
[EndTime "1:28:48 PDT"]
[Termination "raminguy won by resignation"]

1. d4 e6 2. Nc3 f5 3. Bf4 Nf6 4. Nb5 d6 5. e3 c6 6. Nc3 e5 7. dxe5 dxe5 8. Qxd8+ Kxd8 9. O-O-O+ Bd7 10. Bxe5 Be7 11.
Nf3 Re8 12. Bc4 b5 13. Bf7 Rf8 14. Be6 Ne4 15. Rxd7+ Nxd7 16. Rd1 Nc5 17. Bxd7 Nxd7 18. Bf4 g5 19. Nxg5 Ke8 20. Ne6 Rf6 21. Nc7+ 1-0

[Event "Live Chess"]
[Site "Chess.com"]
[Date "2023.05.21"]
[Round "-"]
[White "Doge_Dandolo"]
[Black "FailsGambits"]
[Result "1-0"]
[WhiteElo "1885"]
[BlackElo "1335"]
[TimeControl "300"]
[EndTime "1:28:49 PDT"]
[Termination "Doge_Dandolo won by checkmate"]

1. Nf3 d5 2. c4 e6 3. g3 Nf6 4. Bg2 g6 5. O-O Bg7 6. d4 O-O 7. Qc2 Bd7 8. Rd1 Nc6 9. Bf4 Nh5 10. Bg5 Nf6 11. Nbd2 h6 12. Bf4 Re8 13. cxd5 Nxd5 14. a3 Nxf4 15. gxf4 Nxd4 16. Nxd4 Bxd4 17. Nf3 Bg7 18.
Ne5 Bxe5 19. fxe5 Qc8 20. Rd3 Bb5 21. Rg3 Kg7 22. Be4 Rg8 23. Bxg6 fxg6 24. Qxg6+ Kh8 25.
Qxh6# 1-0

[Event "Live Chess"]
[Site "Chess.com"]
[Date "2023.05.21"]
[Round "-"]
[White "TKDRyan"]
[Black "JohanKjeldahl"]
[Result "0-1"]
[WhiteElo "1137"]
[BlackElo "1904"]
[TimeControl "300"]
[EndTime "1:29:02 PDT"]
[Termination "JohanKjeldahl won on time"]

1. e4 c5 2. Nf3 e6 3. d4 cxd4 4. Nxd4 Nc6 5. Nxc6 bxc6 6. Bd3 Nf6 7. Be3 d5 8. e5 Nd7 9. f4 c5 10. O-O Be7 11. Qg4 O-O 12. Rf3 f5 13. exf6 Nxf6 14. Bxh7+ Kxh7 15. Qh4+ Kg8 16. Rh3 d4 17. Bf2 e5 18. g4 Bxg4 19. fxe5 Bxh3 20. exf6 Bxf6 21. Qxh3 Qc8 22. Qb3+ c4 23. Qb5 Qg4+ 24. Bg3 Qd1+ 25. Kg2 Qxc2+ 26. Kh3 Qe2 27. Qd5+ Kh8 28. Na3 Rad8 29.
Qxc4 Qxb2 30. Rf1 Qxa3 31. Rf5 g6 32. Rxf6 Rxf6 33. Qc7 Rdf8 34. Kh4 R8f7 35. Qd8+ Kh7 36. Be5 Qf8 37. Qxd4 Rf4+ 38. Bxf4 Rxf4+ 39. Qxf4 Qxf4+ 0-1

[Event "Live Chess"]
[Site "Chess.com"]
[Date "2023.05.21"]
[Round "-"]
[White "SaraTang"]
[Black "Mugzwang"]
[Result "0-1"]
[WhiteElo "153"]
[BlackElo "1554"]
[TimeControl "300"]
[EndTime "1:29:14 PDT"]
[Termination "Mugzwang won by resignation"]

1. e4 c5 2. Bc4 e6 3. Nh3 d5 4. exd5 exd5 5. Bb3 Nf6 6. f4 b5 7.
Ng5 c4 8. Ba4 bxa4 9. Nxf7 Kxf7 10. O-O Bc5+ 11. Kh1 Rf8 12. Rf2 Bxf2 0-1

[Event "Live Chess"]
[Site "Chess.com"]
[Date "2023.05.21"]
[Round "-"]
[White "BJAW87"]
[Black "RamsayFlayer"]
[Result "0-1"]
[WhiteElo "1434"]
[BlackElo "1973"]
[TimeControl "300"]
[EndTime "1:29:15 PDT"]
[Termination "RamsayFlayer won by resignation"]

1. e4 e5 2. Nc3 Nf6 3. f4 d5 4. fxe5 Nxe4 5. Qf3 Nxc3 6. bxc3 Be6 7. d4 Be7 8. Qg3 Nd7 9. Qxg7 Rf8 10. Nf3 c5 11.
Bh6 cxd4 12. cxd4 Qa5+ 13. Kf2 Qc3 14. Be2 O-O-O 15. Qxh7 Rh8 16. Qd3 Qxd3 17. cxd3 Rxh6 18. Rhc1+ Kb8 19. Rc2 Rc8 20. Rxc8+ Kxc8 21. Rc1+ Kb8 22.
Bd1 Bg4 23. h3 Bxf3 24. Bxf3 Nb6 25. Ke3 Bg5+ 0-1

[Event "Live Chess"]
[Site "Chess.com"]
[Date "2023.05.21"]
[Round "-"]
[White "Long1968"]
[Black "Woodpusher500"]
[Result "1-0"]
[WhiteElo "1004"]
[BlackElo "996"]
[TimeControl "300"]
[EndTime "1:29:20 PDT"]
[Termination "Long1968 won by resignation"]

1. e4 e5 2. f4 exf4 3. Bc4 g6 4.
Nf3 Bg7 5. d4 Nf6 6. Bxf4 d6 7.
e5 dxe5 8. Bxe5 O-O 9. O-O Nc6 10. c3 Ng4 11. Bxg7 Kxg7 12. Re1 Qd6 13. Na3 Qxh2+ 14. Nxh2 Nxh2 15. Kxh2 Na5 16. Re7 Be6 17. Bxe6 Rad8 18. Rxc7 Rd6 19. Bb3 Nxb3 20. Qxb3 Re6 21. Qxe6 Kg8 22.
Qe7 h5 23. Rf1 1-0

[Event "Live Chess"]
[Site "Chess.com"]
[Date "2023.05.21"]
[Round "-"]
[White "Ferrarifan27"]
[Black "OleksiyJr1"]
[Result "1-0"]
[WhiteElo "2083"]
[BlackElo "970"]
[TimeControl "300"]
[EndTime "1:29:21 PDT"]
[Termination "Ferrarifan27 won by resignation"]

1. e4 c5 2. Nf3 Nc6 3. b4 d6 4.
bxc5 dxc5 5. Bb2 b6 6. d4 cxd4 7. Nxd4 Nxd4 8. Qxd4 Qxd4 9. Bxd4 Nf6 10. Nc3 e6 11. Bb5+ Bd7 12. O-O Bxb5 13. Nxb5 Nxe4 14. Nc7+ Kd7 15. Nxa8 Bb4 16. a3 Bd2 17. Rfd1 Rxa8 18.
f3 Bc3 19. Bxc3+ Nd6 20. Bb4 Rc8 21. Rxd6+ Ke7 22. Rc6+ Kd8 23. Rd1+ 1-0

[Event "Live Chess"]
[Site "Chess.com"]
[Date "2023.05.21"]
[Round "-"]
[White "SteveValentine83"]
[Black "whitedjohn"]
[Result "1-0"]
[WhiteElo "1532"]
[BlackElo "1630"]
[TimeControl "300"]
[EndTime "1:29:22 PDT"]
[Termination "SteveValentine83 won on time"]

1. e4 Nf6 2. Nc3 d5 3. exd5 Nxd5 4. Bc4 c6 5. Nf3 Bg4 6. O-O e6 7. h3 Bh5 8. d4 Be7 9. Re1 Nxc3 10. bxc3 O-O 11.
Bd3 Nd7 12. Bf4 Nf6 13. Bg3 Qd5 14. Rb1 Bxf3 15. Qxf3 Qxf3 16. gxf3 b6 17. f4 Rfd8 18. f5 Nd5 19. fxe6 f6 20. c4 Nb4 21. c5 Nxd3 22.
cxd3 bxc5 23. dxc5 Bxc5 24. e7 Re8 25. Rb7 Kf7 26. Rc7 Rac8 27. Rxc8 Rxc8 28. Rb1 Bb6 29. a4 Kxe7 30. a5 Bxa5 31. Rb7+ Kf8 32. Rxa7 Bb6 33. Bd6+ Kg8 34. Rd7 Bd4 35. Kg2 c5 36. Rb7 Rc6 37.
Bf4 Re6 38. Rc7 Re2 39. Bg3 Rd2 40. Rc8+ Kf7 41. Rc7+ Kg6 42. Bd6 Rxd3 43. Bxc5 Bxc5 44. Rxc5 Rd2 45. Rc7 h5 46. Rc5 Re2 47. Rc3 Kg5 48. Rg3+ Kh6 49. Rf3 Kg6 50. Rg3+ Kf7 51. Rf3 g5 52.
Rc3 Kg6 53. Rc6 Re5 54. Rc3 Kf5 55. Rd3 Re6 56. Rd8 Ke5 57. Rd3 1-0

[Event "Live Chess"]
[Site "Chess.com"]
[Date "2023.05.21"]
[Round "-"]
[White "WelshTiger"]
[Black "Hacker_2009"]
[Result "1-0"]
[WhiteElo "2349"]
[BlackElo "1916"]
[TimeControl "300"]
[EndTime "1:29:24 PDT"]
[Termination "WelshTiger won by resignation"]

1. e4 c5 2. Nf3 d6 3. c3 Nf6 4.
h3 Bd7 5. Bd3 e6 6. Bc2 Be7 7. d4 cxd4 8. cxd4 O-O 9. O-O Nc6 10. Nc3 Qb6 11. Rb1 Rac8 12. Be3 d5 13. exd5 Nxd5 14. Nxd5 exd5 15. a3 h6 16. Qd3 f5 17. Ne5 Nxe5 18. dxe5 Bc5 19. Bxc5 Qxc5 20. Bb3 Be6 21. Rbd1 Rfd8 22. Qd4 Qxd4 23. Rxd4 Rc5 24. f4 Rb5 25. Rf3 Kf7 26. Rc3 Rd7 27. Ba4 Rxb2 28.
Bxd7 Bxd7 29. Rc7 Ke6 30. Rxd5 Kxd5 31. Rxd7+ Ke4 32. e6 Kxf4 33. Rxg7 Re2 34. Rxb7 Rxe6 35. Rxa7 Kg3 36. Kf1 Rb6 37. Rg7+ Kf4 38. Rc7 Rb1+ 39.
Kf2 Rb2+ 40. Kg1 Rb3 41. a4 Ra3 42. Ra7 Kg3 43. Rg7+ Kf4 44. Rg6 h5 45. h4 Rxa4 46.
Rg5 Ke5 47. Rxh5 Rg4 48. Kh2 Kf6 49. Kh3 Kg6 50. Rh8 Ra4 51. Rb8 Kf6 52. Rb6+ Kg7 53. g3 Ra1 54. Kg2 Ra3 55. h5 Rc3 56. h6+ Kh7 57. Rf6 Ra3 58. Kh3 Ra4 59. Rxf5 Kxh6 60.
Rf6+ Kg5 61. Rb6 Ra1 62. Rb5+ Kg6 63. Kh4 Rh1+ 64. Kg4 Ra1 65. Rb6+ Kg7 66. Kh4 Ra5 67. g4 Rc5 68. g5 Rc1 69. Kh5 Rh1+ 70. Kg4 Rg1+ 71.
Kf4 Rf1+ 72. Ke5 Re1+ 73. Kf4 Rf1+ 74. Ke3 Re1+ 75. Kf2 Re5 76. g6 Rg5 77. Kf3 Rxg6 78. Rb7+ Kh6 79. Kf4 Rf6+ 80. Ke5 Rg6 81. Kf5 Rg5+ 82.
Kf4 Rg6 83. Rb8 Rf6+ 84. Kg4 Rg6+ 85. Kh4 Kg7 86. Rb7+ Kh6 87. Rc7 Ra6 88. Rc4 Rf6 89. Rd4 Ra6 90. Rb4 Rf6 91. Kg4 Rd6 92. Kf5 Ra6 93.
Rh4+ Kg7 94. Rg4+ Kf7 95. Rb4 Ra5+ 96. Kf4 Kf6 97. Rb6+ Kf7 98. Rb8 Ra7 99. Rb6 Re7 100. Kf5 Ra7 101. Rh6 Ra5+ 102. Ke4 Ra7 103. Rh7+ Ke6 104. Rxa7 1-0

[Event "Live Chess"]
[Site "Chess.com"]
[Date "2023.05.21"]
[Round "-"]
[White "BillythekidFellowes"]
[Black "Singapourfeuj"]
[Result "0-1"]
[WhiteElo "2044"]
[BlackElo "2194"]
[TimeControl "300"]
[EndTime "1:29:25 PDT"]
[Termination "Singapourfeuj won by checkmate"]

1. e4 c5 2. Nf3 d6 3. d4 cxd4 4. Qxd4 Nf6 5. Bg5 Nbd7 6. Nc3 h6 7.
Bh4 g5 8. Bg3 Bg7 9. O-O-O Nh5 10.
Qd2 Qa5 11. Nd4 a6 12. Kb1 Nxg3 13. hxg3 Ne5 14. f4 gxf4 15. gxf4 Nc6 16. Nb3 Bxc3 17. bxc3 Qa3 18. f5 a5 19. Bb5 a4 20. Nd4 Bd7 21.
Rxh6 O-O-O 22. Nxc6 bxc6 23. Ba6+ Kc7 24. Rxh8 Rxh8 25.
Ka1 Rb8 26. Rb1 Rxb1+ 27. Kxb1 Qc5 28. Qd4 a3 29. Qxc5 dxc5 30. Kc1 Kd6 31. Kd2 Ke5 32. Ke3 e6 33. g4 exf5 34. gxf5 f6 35. Be2 Be8 36. Kd3 Bf7 37. c4 Kf4 38. Bf1 Bg8 39.
Bg2 Kg3 40. Bh1 Bf7 41. c3 Bh5 42. e5 fxe5 43. Bxc6 Kf4 44. f6 Kg5 45. Ke4 Kxf6 46.
Kd5 Bf3+ 47. Kxc5 Bxc6 48. Kxc6 e4 49. c5 e3 50. Kb7 e2 51. c6 e1=Q 52. c7 Qe4+ 53.
Kb8 Qe5 54. Kb7 Qb5+ 55. Ka7 Qc6 56. Kb8 Qb6+ 57. Kc8 Ke6 58. Kd8 Kd6 59. Ke8 Qxc7 60. Kf8 Ke6 61. c4 Qf7# 0-1

[Event "Live Chess"]
[Site "Chess.com"]
[Date "2023.05.21"]
[Round "-"]
[White "Tilbs_12"]
[Black "domrobson"]
[Result "0-1"]
[WhiteElo "1563"]
[BlackElo "1758"]
[TimeControl "300"]
[EndTime "1:29:36 PDT"]
[Termination "domrobson won by resignation"]

1. e4 e5 2. Nf3 Nc6 3. c3 d5 4. Bb5 dxe4 5. Nxe5 Bd7 6. Nxd7 Qxd7 7. O-O O-O-O 8. Na3 f5 9. b3 Nf6 10. Qe2 h6 11. Nc4 Qd5 12. Bxc6 Qxc6 13. b4 a6 14. Ne5 Qd5 15. Ng6 Rg8 16. Nxf8 Rgxf8 17. Rd1 Qd3 18. Qxd3 Rxd3 19. a4 Rfd8 20. Ra2 Nd5 21. b5 Nxc3 0-1

[Event "Live Chess"]
[Site "Chess.com"]
[Date "2023.05.21"]
[Round "-"]
[White "MarkLim1"]
[Black "MaximKris"]
[Result "0-1"]
[WhiteElo "1701"]
[BlackElo "1806"]
[TimeControl "300"]
[EndTime "1:29:36 PDT"]
[Termination "MaximKris won - game abandoned"]

1. d4 d5 2. Nf3 Nf6 3. c4 e6 4. cxd5 exd5 5. Nc3 Bd6 6. Qc2 O-O 7.
Bg5 Nc6 8. e3 h6 9. Bh4 Nb4 10.
Qb1 Bg4 0-1

[Event "Live Chess"]
[Site "Chess.com"]
[Date "2023.05.21"]
[Round "-"]
[White "matt1979"]
[Black "ExIsambard"]
[Result "0-1"]
[WhiteElo "1539"]
[BlackElo "1922"]
[TimeControl "300"]
[EndTime "1:29:47 PDT"]
[Termination "ExIsambard won by resignation"]

1. f4 e5 2. e4 exf4 3. Nf3 d6 4. Bc4 h6 5. d3 g5 6. O-O Bg7 7. Nc3 Ne7 8. Qe1 O-O 9. Ne2 c6 10. c3 Be6 11. Bb3 Bxb3 12. axb3 Nd7 13. Ned4 Ne5 14.
Nxe5 dxe5 15. Nf3 Qxd3 16. Bd2 Ng6 17. Rd1 Qb5 18. b4 c5 19. bxc5 Qxc5+ 20. Kh1 Rad8 21. Bc1 Qb6 22. Rxd8 Rxd8 23. Qe2 Ne7 24. Rd1 a6 25. Qc2 Bf6 26. b3 g4 27. Nd2 Qf2 28. Rf1 Qb6 29. Nc4 Qe6 30. Ba3 b5 31. Nd6 Rxd6 32. Bxd6 Qxd6 33.
Rd1 Qc5 34. Rd8+ Kg7 35. Qd3 Qf2 36. Qd1 Ng6 37. Rd2 Qe3 38. Rd3 Qxe4 0-1

[Event "Live Chess"]
[Site "Chess.com"]
[Date "2023.05.21"]
[Round "-"]
[White "hturner40"]
[Black "Tushinskiy"]
[Result "0-1"]
[WhiteElo "1781"]
[BlackElo "2189"]
[TimeControl "300"]
[EndTime "1:29:54 PDT"]
[Termination "Tushinskiy won by resignation"]

1. g3 d5 2. Bg2 c6 3. Nf3 Nf6 4. O-O Bg4 5. c4 e6 6. Qb3 Qc7 7. d4 Bd6 8. c5 Be7 9. Bf4 Qc8 10. Nc3 Nbd7 11. Ne5 Nxe5 12. Bxe5 O-O 13. e4 Nd7 14. Bd6 Re8 15. e5 Bd8 16. f4 Bf5 17. Ne2 b6 18. h3 a5 19. g4 Bg6 20. f5 exf5 21. gxf5 Bxf5 22. Rxf5 bxc5 23. dxc5 Nxc5 24. Qf3 Ne4 25.
Rxf7 Bb6+ 26. Kf1 Nd2+ 0-1

[Event "Live Chess"]
[Site "Chess.com"]
[Date "2023.05.21"]
[Round "-"]
[White "AyannaTang"]
[Black "wadsy27"]
[Result "0-1"]
[WhiteElo "212"]
[BlackElo "2568"]
[TimeControl "300"]
[EndTime "1:30:01 PDT"]
[Termination "wadsy27 won by checkmate"]

1. e4 e6 2. d4 d5 3. h4 dxe4 4. f3 exf3 5. Bc4 fxg2 6. Rh2 Nf6 7. d5 exd5 8. Bxd5 Qxd5 9. Qxd5 Nxd5 10. Be3 Nxe3 11.
Ke2 Bd6 12. Kxe3 Bxh2 13. Nf3 O-O 14. Nxh2 g1=Q+ 15. Kf3 Re8 16. Ng4 Bxg4+ 17. Kf4 Qf2+ 18. Kxg4 Re4+ 19. Kh3 Rxh4# 0-1

[Event "Live Chess"]
[Site "Chess.com"]
[Date "2023.05.21"]
[Round "-"]
[White "AbilifyXL"]
[Black "Redwinelover"]
[Result "1-0"]
[WhiteElo "1950"]
[BlackElo "1123"]
[TimeControl "300"]
[EndTime "1:30:03 PDT"]
[Termination "AbilifyXL won by resignation"]

1. d4 Nf6 2. c4 e5 3. Nc3 exd4 4. Qxd4 Nc6 5. Qd1 Bb4 6. Bd2 O-O 7. Nf3 a5 8. a3 Bxc3 9. Bxc3 Ne4 10. Rc1 d6 11. e3 Bg4 12. Be2 Qe7 13. O-O a4 14. h3 Bf5 15.
Nd4 Nxd4 16. Bxd4 Bg6 17. Bf3 c6 18. Qe2 d5 19. Rfd1 c5 20. Bxe4 Bxe4 21. Bc3 Rfd8 22. cxd5 Rxd5 23. Qg4 g6 24. Rxd5 Bxd5 25. Rd1 Bb3 26.
Rd7 Qf8 27. Qf4 Rd8 28. Qf6 1-0

[Event "Live Chess"]
[Site "Chess.com"]
[Date "2023.05.21"]
[Round "-"]
[White "Crowded_House"]
[Black "LGC4YOU"]
[Result "1-0"]
[WhiteElo "1659"]
[BlackElo "1184"]
[TimeControl "300"]
[EndTime "1:30:21 PDT"]
[Termination "Crowded_House won by checkmate"]

1. d4 c5 2. dxc5 Qa5+ 3. Nc3 Qxc5 4. Be3 Qb4 5. Qc1 Nc6 6. a3 Qa5 7. Nf3 g6 8. Bd2 Bg7 9. e3 Qc7 10. Nd5 Qd8 11. Bd3 e6 12. Nc3 d5 13. O-O Nge7 14.
Bb5 a6 15. Be2 O-O 16. Nd4 b5 17. Nxc6 Nxc6 18. Na2 d4 19. exd4 Nxd4 20. Re1 Nxe2+ 21. Rxe2 Bb7 22. Be3 Qh4 23. c3 Be5 24. g3 Qh3 25. Qf1 Qg4 26. Rd2 Rfd8 27. Rad1 Bd5 28. Nb4 a5 29. Nxd5 Rxd5 30. Rxd5 exd5 31. Rxd5 Qf5 32. Qd1 Kg7 33. Bd4 f6 34. Bxe5 fxe5 35. Rd7+ Kh6 36. Qd2+ Qg5 37. Qxg5+ Kxg5 38. Rd5 Kf5 39. Rxb5 h5 40. h4 a4 41. Rd5 Rb8 42. Rd2 e4 43. Rc2 Kg4 44. c4 Rb3 45. Kg2 e3 46. fxe3 Rxe3 47. Rc3 Re2+ 48. Kf1 Rxb2 49. c5 Rb3 50.
Rc2 Rxa3 51. c6 Rb3 52. c7 a3 53. c8=Q+ Kxg3 54. Qc7+ Kxh4 55. Qc4+ Kg5 56. Qxb3 Kh6 57. Qxa3 g5 58. Rc6+ Kg7 59. Qa7+ Kf8 60. Rc8# 1-0

[Event "Live Chess"]
[Site "Chess.com"]
[Date "2023.05.21"]
[Round "-"]
[White "YrrriKharkiv"]
[Black "Larchikov"]
[Result "0-1"]
[WhiteElo "2065"]
[BlackElo "2022"]
[TimeControl "300"]
[EndTime "1:30:22 PDT"]
[Termination "Larchikov won by resignation"]

1. d4 d5 2. c4 e6 3. Nc3 Nf6 4. Bg5 Be7 5. Qc2 O-O 6. Nf3 Nbd7 7. e3 h6 8. h4 b6 9. cxd5 Nxd5 10. a3 hxg5 11. hxg5 g6 12. Qe4 Kg7 13. Nxd5 exd5 14. Qxd5 Rb8 15. Rc1 Bb7 16. Qb5 c5 17. dxc5 Nxc5 18.
b4 Ba6 19. Qc6 Rc8 20. Qxc8 Qxc8 21. Bxa6 Qxa6 22. bxc5 Bxc5 23. Nd2 Rd8 24. Nc4 Bxa3 25. O-O Bxc1 26. Rxc1 Rc8 0-1

[Event "Live Chess"]
[Site "Chess.com"]
[Date "2023.05.21"]
[Round "-"]
[White "Dhaydon19"]
[Black "Tiltador"]
[Result "1-0"]
[WhiteElo "2695"]
[BlackElo "749"]
[TimeControl "300"]
[EndTime "1:30:23 PDT"]
[Termination "Dhaydon19 won by checkmate"]

1. d4 d5 2. Nf3 c6 3. c4 e6 4. cxd5 exd5 5. Nc3 Nf6 6. Bf4 Bb4 7. e3 Bxc3+ 8. bxc3 O-O 9. Bd3 Nbd7 10. O-O Nb6 11. h3 Nc4 12. Qc2 g6 13. Bg5 Bf5 14. Bxf5 gxf5 15. Qxf5 Ne4 16. Bxd8 Raxd8 17. Qg4+ Kh8 18.
Qf4 Rg8 19. Ne5 Nxe5 20. dxe5 Rdf8 21. f3 Nxc3 22. Qf6+ Rg7 23. e6 Ne2+ 24. Kf2 Kg8 25. e7 Re8 26. Kxe2 Rg6 27. Qh4 Re6 28. f4 R6xe7 29.
Rf3 Re4 30. Rg3+ Kh8 31. Qf6# 1-0

[Event "Live Chess"]
[Site "Chess.com"]
[Date "2023.05.21"]
[Round "-"]
[White "Denz14"]
[Black "RichardABates"]
[Result "0-1"]
[WhiteElo "1030"]
[BlackElo "2130"]
[TimeControl "300"]
[EndTime "1:30:28 PDT"]
[Termination "RichardABates won by resignation"]

1. e4 c5 2. Nf3 d6 3. c3 Nf6 4. d3 g6 5. Bg5 Bg7 6. Qd2 O-O 7. Bh6 c4 8. Bxg7 Kxg7 9. Na3 cxd3 10. Bxd3 Nc6 11.
O-O Bg4 12. Nd4 Qa5 13. f3 Nxd4 14. fxg4 Ne6 15. Nc4 Qg5 16. Qxg5 Nxg5 17. h4 Ne6 18. g5 Nd7 19. Rf2 Rac8 20. Raf1 Nec5 21. Bb1 Nxe4 22.
Bxe4 Rxc4 23. Bd5 Ne5 24. Bxc4 Nxc4 25. b3 Ne5 26. c4 Rc8 27. Re2 h6 28. gxh6+ Kxh6 29. g3 f5 30. Kg2 Rc7 31. Kh3 Ng4 32. Re6 Kg7 33. Re4 fxe4 0-1

[Event "Live Chess"]
[Site "Chess.com"]
[Date "2023.05.21"]
[Round "-"]
[White "EPotapov05"]
[Black "OceanFloater"]
[Result "1-0"]
[WhiteElo "1407"]
[BlackElo "1022"]
[TimeControl "300"]
[EndTime "1:30:41 PDT"]
[Termination "EPotapov05 won by checkmate"]

1. Nf3 c6 2. d4 d5 3. Bf4 Bf5 4. e3 e6 5. c4 c5 6. Nc3 cxd4 7. Nxd4 Nc6 8. Nxf5 exf5 9. cxd5 Nb4 10. Qa4+ Qd7 11. Bb5 Nd3+ 12. Ke2 Nxf4+ 13. exf4 Qxb5+ 14. Qxb5+ Kd8 15.
Qxb7 Rc8 16. Rhd1 Bd6 17. g3 Nf6 18. Qxf7 Re8+ 19. Kf1 Ne4 20. Qxf5 Nxc3 21. bxc3 Rxc3 22. Qg5+ Re7 23. Re1 Rc2 24. Rxe7 Bxe7 25. Qxg7 Rd2 26. Qg8+ Kd7 27. Qe6+ Kd8 28. Rc1 Rxa2 29. Rc8# 1-0

[Event "Live Chess"]
[Site "Chess.com"]
[Date "2023.05.21"]
[Round "-"]
[White "Ian-Morley"]
[Black "Leonid_Starozhilov"]
[Result "0-1"]
[WhiteElo "1053"]
[BlackElo "2661"]
[TimeControl "300"]
[EndTime "1:30:45 PDT"]
[Termination "Leonid_Starozhilov won by checkmate"]

1. e4 e5 2. Nf3 Nc6 3. Bc4 Nf6 4.
Ng5 d5 5. exd5 b5 6. dxc6 bxc4 7. Nc3 Bd6 8. Nce4 h6 9. Nxf6+ Qxf6 10. Ne4 Qg6 11.
Nxd6+ cxd6 12. O-O O-O 13. Qf3 Qxc2 14. c7 Be6 15. b3 Rac8 16. Qc3 Qxc3 17. dxc3 Rxc7 18.
bxc4 Rxc4 19. Rb1 Rxc3 20. Bb2 Rc2 21. Ba3 Rd8 22. Rfd1 Rxa2 23. Rxd6 Rxd6 24. Bxd6 f6 25. f4 e4 26. Re1 Bd5 27. h3 a5 28. Kh2 e3 29.
Kg3 Rxg2+ 30. Kh4 g5+ 31. Kh5 Kg7 32. fxg5 hxg5 33. Rf1 Bf7# 0-1

[Event "Live Chess"]
[Site "Chess.com"]
[Date "2023.05.21"]
[Round "-"]
[White "CroasArRheun"]
[Black "HoarseyHorsey"]
[Result "1-0"]
[WhiteElo "1808"]
[BlackElo "1466"]
[TimeControl "300"]
[EndTime "1:31:07 PDT"]
[Termination "CroasArRheun won by resignation"]

1. d4 Nf6 2. c4 e6 3. Nc3 d5 4. cxd5 exd5 5. Bg5 Be7 6. e3 c6 7. Bd3 O-O 8. Nge2 Bg4 9. Qc2 h6 10. Bh4 Nbd7 11. O-O Re8 12. f3 Bh5 13. e4 dxe4 14.
fxe4 Nh7 15. Bg3 Bg5 16. e5 Bg6 17. Bxg6 fxg6 18. Qxg6 Rf8 19. Bf4 Qe7 20. Bxg5 Nxg5 21. Nf4 Rf5 22. Qxf5 1-0

[Event "Live Chess"]
[Site "Chess.com"]
[Date "2023.05.21"]
[Round "-"]
[White "Duke_of_Bebington"]
[Black "swingrumbacha"]
[Result "0-1"]
[WhiteElo "1595"]
[BlackElo "2439"]
[TimeControl "300"]
[EndTime "1:31:17 PDT"]
[Termination "swingrumbacha won by resignation"]

1. e4 d6 2. d4 Nf6 3. Nc3 g5 4. Bxg5 Nbd7 5. Bd3 Rg8 6. Bh4 e5 7. Nf3 c6 8. Qe2 Rxg2 9. Bg3 exd4 10. Nxd4 Qb6 11.
O-O-O Rxg3 12. hxg3 Qxd4 13. Qf3 h6 14. Ne2 Qe5 15.
Nf4 Qe7 16. Rhe1 Qe5 17. Qe3 Nc5 18. Qd2 Bd7 19. f3 Qg5 20. Qf2 Be6 21. Kb1 Nfd7 22. Ne2 O-O-O 23. f4 Nxd3 24. Rxd3 Qb5 25. Ra3 a6 26.
Nc3 Qc5 27. Qd2 Nb6 28. Na4 Nc4 29. Nxc5 Nxd2+ 30. Kc1 dxc5 31. Rd3 Rxd3 32. cxd3 c4 33. Kxd2 Bb4+ 34. Ke2 0-1

[Event "Live Chess"]
[Site "Chess.com"]
[Date "2023.05.21"]
[Round "-"]
[White "Geomorph"]
[Black "Rusty_Bridges"]
[Result "0-1"]
[WhiteElo "1273"]
[BlackElo "1525"]
[TimeControl "300"]
[EndTime "1:31:29 PDT"]
[Termination "Rusty_Bridges won on time"]

1. e4 d6 2. d4 Nf6 3. Nc3 Nbd7 4. Nf3 e5 5. g4 h6 6. g5 hxg5 7. Nxg5 Be7 8. Be3 Nb6 9. Bd3 Bg4 10. f3 Bh5 11. O-O Qd7 12. d5 O-O-O 13. Qd2 Nh7 14. Bb5 c6 15. dxc6 bxc6 16. Ba6+ Kb8 17. Nxh7 Rxh7 18.
Bg5 f6 19. Be3 Rdh8 20. Rae1 Bf7 21. Re2 Nc4 22. Qc1 Qc7 23. Ref2 Qa5 24. Bxc4 Bxc4 25. Rd1 Be6 26. Qd2 Qc7 27. Qe2 Rh3 28. Qf1 R8h7 29.
Rg2 Qd8 30. Qe2 Qh8 31. Rd2 Kc7 32. Na4 Qb8 33. b3 R3h5 0-1

[Event "Live Chess"]
[Site "Chess.com"]
[Date "2023.05.21"]
[Round "-"]
[White "sup3rm0nk3y"]
[Black "Mikhail_Golubev"]
[Result "0-1"]
[WhiteElo "1319"]
[BlackElo "2482"]
[TimeControl "300"]
[EndTime "1:31:38 PDT"]
[Termination "Mikhail_Golubev won on time"]

1. e4 c5 2. Nf3 a6 3. d4 cxd4 4. Nxd4 e5 5. Nf3 Nc6 6. Bc4 Nf6 7. Nc3 Bb4 8. Qd3 h6 9. O-O d6 10. Nd5 Nxd5 11. Bxd5 Bc5 12. c3 O-O 13. b4 Ba7 14. a4 Be6 15. Rd1 Qe7 16. Nd2 Kh8 17. Nc4 f5 18. Qh3 Bxf2+ 19. Kh1 Bd7 20. Bxh6 gxh6 21.
Qxh6+ Qh7 22. Qxd6 Bg3 23. h3 fxe4 24. Bxe4 Bf5 25. Bxf5 Rxf5 26. Nb6 Rg8 27. Rf1 Bf4 28. Nd5 Qg7 29. Nxf4 exf4 30. g4 fxg3 31. Rxf5 g2+ 32. Kg1 Rd8 33. Rh5+ Kg8 34. Qe6+ Qf7 35. Rg5+ Kf8 36.
Qh6+ Ke7 37. Rg7 Rf8 38. Rxf7+ Rxf7 39. Qe3+ Kf8 40. Re1 Ne7 41. Kxg2 Kg8 42. Kh2 Rg7 43. Rg1 Rxg1 44. Kxg1 Kf7 45. Qf3+ Ke6 46. h4 Ng6 47. Qe3+ Kf5 0-1

[Event "Live Chess"]
[Site "Chess.com"]
[Date "2023.05.21"]
[Round "-"]
[White "mach247"]
[Black "stevochess11"]
[Result "1-0"]
[WhiteElo "1340"]
[BlackElo "1765"]
[TimeControl "300"]
[EndTime "1:31:47 PDT"]
[Termination "mach247 won by resignation"]

1. e4 c5 2. Nf3 g6 3. c3 Nc6 4.
Bb5 Bg7 5. O-O e6 6. Bxc6 bxc6 7.
d4 cxd4 8. cxd4 d5 9. e5 Ne7 10. Bg5 Qb6 11. Bxe7 Kxe7 12. b3 Ba6 13. Re1 Rac8 14.
Nc3 c5 15. Na4 Qb4 16. Nxc5 Bb5 17. a3 Qa5 18. b4 Qc7 19. Qb3 Bc4 20. Qb2 h5 21.
Rac1 Bh6 22. Nd2 Rb8 23. Rc2 a5 24. Nxc4 dxc4 25. Rxc4 axb4 26. Rxb4 Rxb4 27. axb4 Qc6 28. Rb1 Rb8 29. b5 Qb6 30. Ne4 Rd8 31. Nd6 f6 32. Qb4 fxe5 33. Nc4+ 1-0

[Event "Live Chess"]
[Site "Chess.com"]
[Date "2023.05.21"]
[Round "-"]
[White "EdenHazard8"]
[Black "Tema1107"]
[Result "0-1"]
[WhiteElo "1944"]
[BlackElo "1948"]
[TimeControl "300"]
[EndTime "1:32:00 PDT"]
[Termination "Tema1107 won by checkmate"]

1. e4 c5 2. Nc3 d6 3. f4 Nf6 4. Nf3 g6 5. Bc4 Bg7 6. d3 O-O 7. O-O Nc6 8. Qe1 a6 9. a4 e5 10. f5 Nd4 11. Qh4 d5 12. Nxd5 Nxd5 13. Qxd8 Rxd8 14. Bxd5 gxf5 15. Ng5 Rxd5 16. exd5 b6 17. c3 Nb3 18. Ra3 Nxc1 19. Rxc1 Bb7 20. c4 Bh6 21. h4 f6 22. Rf1 fxg5 23. Rxf5 gxh4 24. Rxe5 Rf8 25. Re7 Bc8 26. d6 Bg5 27. Rc7 Be3+ 28. Kh2 Bf4+ 29. Kh1 Bxd6 30. Rc6 Rf1# 0-1